Map: Ruins of Seras

Players

SticklerMac

  • Race: Terran Terran
  • League: Bronze

DeathCall - Winner!

  • Race: Terran Terran
  • League: Grandmaster

VOD

Have the link to the VOD?

Description

Time

  • Played on: July 27, 2015, 10:34 p.m.
  • Length: 7:36
Show
View Real Time Build Order
Export as new Build Order

SticklerMac Terran 

Build Orders:  

Get SALT Encoding   

  12  0:01  SCV  
  13  0:13  SCV  
  14  0:20  Supply Depot  
  14  0:26  SCV  
  15  0:31  Refinery  
  15  0:41  SCV  
  16  0:45  Barracks  
  16  0:52  Refinery  
  16  0:53  SCV  
  17  1:05  SCV  
  18  1:20  Supply Depot  
  18  1:21  SCV  
  19  1:39  SCV  
  20  1:51  SCV  
  21  1:54  Factory  
  21  2:10  Command Center  
  21  2:11  Barracks Tech Lab  
  22  2:20  Orbital Command  
  21  2:49  Barracks Reactor  
  21  2:51  SCV  
  21  2:52  Refinery  
  22  3:04  Starport  
  22  3:09  Widow Mine  
  24  3:24  Orbital Command  
  24  3:27  SCV  
  24  3:31  Marine x2  
  27  3:39  SCV  
  28  3:51  SCV  
  29  3:59  SCV  
  30  4:03  SCV  
  30  4:06  Starport Reactor  
  31  4:11  SCV  
  31  4:12  Barracks  
  31  4:13  Marine x2  
  31  4:15  Barracks  
  31  4:16  Barracks  
  34  4:23  SCV x2  
  36  4:31  Command Center  
  36  4:35  SCV  
  36  4:36  Siege Tank  
  36  4:37  Marine x2  
  42  4:42  Medivac  
  42  4:44  Medivac  
  46  5:05  Barracks Reactor x2  
  46  5:06  Barracks Reactor  
  46  5:09  Supply Depot x2  
  46  5:10  Supply Depot  
  46  5:12  Supply Depot  
  46  5:13  SCV  
  46  5:14  Marine  
  46  5:16  SCV, Marine  
  40  5:32  Marine  
  43  5:59  Marine x6  
  50  6:11  Medivac  
  49  6:21  SCV x2  
  51  6:29  Marine x2  
  51  6:30  Marine x3  
  56  6:33  SCV x2  
  58  6:40  Supply Depot  
  58  6:41  Marine  
  58  6:42  Marine  
  58  6:45  SCV x2  
  62  6:48  Marine x2  
  62  6:49  Marine  
Show
View Real Time Build Order
Export as new Build Order

DeathCall Terran - Winner!

Build Orders: Siege Tank Drop 

Get SALT Encoding   

  12  0:02  SCV  
  13  0:14  SCV  
  14  0:18  Supply Depot  
  14  0:26  SCV  
  15  0:40  SCV  
  16  0:43  Barracks  
  16  0:52  SCV  
  16  0:53  Refinery  
  17  1:04  SCV  
  18  1:16  SCV  
  19  1:28  SCV  
  20  1:32  Supply Depot  
  20  1:33  Marine  
  21  1:41  SCV  
  22  1:50  Marine  
  23  1:54  SCV  
  23  1:57  Factory  
  23  2:00  Refinery  
  24  2:06  SCV  
  24  2:08  Supply Depot  
  25  2:11  Marine  
  26  2:18  SCV  
  28  2:30  SCV  
  28  2:41  Barracks Reactor  
  28  2:53  Starport  
  28  2:54  Factory Tech Lab  
  28  3:13  Orbital Command  
  28  3:15  Siege Tank  
  28  3:18  Marine x2  
  33  3:36  Marine x2  
  33  3:38  Command Center  
  35  3:47  Engineering Bay  
  35  3:49  Siege Tank  
  35  3:51  Medivac  
  39  3:56  Supply Depot  
  39  4:17  Marine x2  
  39  4:20  Missile Turret  
  41  4:33  Siege Tank  
  41  4:35  Marine x2  
  46  4:41  Supply Depot  
  46  4:49  Medivac  
  48  4:53  Marine  
  48  5:34  Orbital Command  
  45  5:36  Bunker  
  45  5:38  Siege Tank  
  45  5:39  Marine  
  45  5:40  Marine  
  45  5:42  Medivac  
  52  5:44  SCV  
  52  5:49  Supply Depot  
  53  5:57  Marine x2  
  55  6:10  Siege Tank  
  58  6:15  Marine x2  
  60  6:28  SCV, Missile Turret  
  60  6:30  SCV  
  62  6:33  Marine x2  
  62  6:39  Missile Turret  
  64  6:40  SCV  
  64  6:42  SCV  
  66  6:51  Marine x2  
  66  6:53  SCV  
  69  6:55  SCV  
  70  7:02  Supply Depot  
  70  7:05  SCV  
  70  7:07  SCV  
  72  7:08  Marine  
  72  7:09  Marine  
  77  7:19  SCV  
Tags
 
Add a new tag
Caveats
  • Supply blocks, unpowered buildings, or Contaminate may cause inaccurate times.
  • Supply counts are checked every 10 seconds.